Map: Cactus Valley LE (Void)

Players

FAIRPLAY

  • Race: Zerg Zerg

Bop - Winner!

  • Race: Zerg Zerg

VOD

Have the link to the VOD?

Description

Time

  • Played on: May 2, 2015, 7:07 p.m.
  • Length: 15:08
Show
View Real Time Build Order
Export as new Build Order

FAIRPLAY Zerg 

Build Orders: Hatch First, Muta Ling Bane, Roach Hydra, Roach Hydra Lurker 

Get SALT Encoding   

  12  0:01  Drone  
  13  0:08  Drone  
  13  0:14  Extractor  
  13  0:16  Drone  
  15  0:39  Hatchery  
  14  0:45  Extractor  
  14  0:46  Drone  
  15  0:58  Spawning Pool  
  15  1:02  Extractor  
  15  1:03  Drone  
  15  1:27  Hatchery  
  15  1:30  Extractor  
  15  1:31  Drone  
  15  1:38  Overlord  
  15  1:50  Queen  
  15  1:51  Drone  
  18  2:00  Queen  
  20  2:04  Zergling x2  
  22  2:08  Drone  
  22  2:11  Drone  
  22  2:15  Drone  
  24  2:17  Drone  
  24  2:20  Drone  
  26  2:29  Spine Crawler  
  25  2:35  Drone x2  
  25  2:36  Drone  
  28  2:44  Overlord  
  28  2:49  Drone  
  28  2:50  Drone x2  
  31  2:54  Drone  
  31  3:01  Drone x2  
  31  3:02  Drone  
  34  3:12  Drone x2  
  36  3:13  Evolution Chamber  
  36  3:14  Extractor x2  
  36  3:18  Queen  
  35  3:20  Drone  
  35  3:25  Evolution Chamber  
  35  3:26  Drone x2  
  38  3:27  Drone  
  40  3:35  Drone x2  
  42  3:42  Evolution Chamber  
  42  3:44  Drone  
  42  3:47  Overlord  
  42  3:55  Drone  
  42  3:59  Overlord  
  42  4:03  Burrow  
  42  4:04  Overlord  
  42  4:08  Drone x3  
  42  4:09  Drone x2  
  47  4:18  Overlord  
  47  4:20  Zerg Missile Weapons Level 1  
  47  4:22  Roach Warren  
  47  4:23  Drone x2  
  48  4:27  Drone x2  
  48  4:29  Extractor  
  48  4:30  Extractor  
  48  4:34  Drone x4  
  52  4:39  Overlord  
  52  4:48  Overlord x2  
  52  5:03  Roach x5  
  52  5:04  Roach x2  
  66  5:07  Roach  
  66  5:13  Roach x2  
  72  5:18  Roach x2  
  76  5:26  Roach x4  
  84  5:29  Overlord  
  84  5:35  Baneling Nest, Roach  
  85  5:46  Lair  
  85  5:47  Drone x2  
  87  5:54  Roach x6  
  87  5:59  Drone x4  
  87  6:00  Drone x4  
  95  6:09  Hatchery  
  94  6:16  Roach x2  
  98  6:22  Roach x5  
  98  6:23  Overlord x2  
  98  6:24  Roach x5  
  98  6:25  Roach  
  98  6:27  Overlord  
  96  6:42  Overlord x2  
  84  6:53  Roach x11  
  84  6:54  Roach x4  
  104  6:56  Roach  
  104  7:09  Zerg Ground Armor Level 1  
  104  7:10  Zergling x2  
  104  7:11  Spire, Zergling x6  
  95  7:24  Roach  
  95  7:25  Roach x3  
  97  7:38  Metabolic Boost  
  97  7:41  Drone x3  
  97  7:42  Drone x4  
  104  7:45  Extractor x2  
  104  7:49  Overlord x2  
  104  7:51  Centrifical Hooks  
  102  8:03  Roach x3  
  88  8:25  Zergling x2  
  88  8:26  Zergling x38  
  86  8:30  Spine Crawler x2  
  86  8:33  Overseer  
  84  8:39  Mutalisk  
  84  8:40  Mutalisk x3  
  92  8:48  Mutalisk x4  
  100  9:00  Pneumatized Carapace  
  100  9:01  Mutalisk x4  
  91  9:17  Hatchery  
  91  9:20  Zergling x18  
  91  9:21  Zergling x6  
  74  9:37  Drone x2  
  74  9:38  Drone x2  
  67  9:54  Mutalisk x3  
  73  10:04  Zergling x2  
  73  10:05  Zergling x4  
  76  10:13  Zergling x2  
  69  10:28  Zergling x2  
  69  10:29  Zergling x6  
  64  10:40  Drone  
  64  10:41  Drone  
  63  10:46  Drone x3  
  66  10:51  Mutalisk x2  
  63  11:14  Zergling x2  
  63  11:15  Zergling x12  
  69  11:21  Queen  
  71  11:31  Zergling x6  
  74  11:43  Mutalisk x5  
  84  11:48  Drone, Extractor x2  
  84  11:49  Drone  
  84  11:57  Drone x3  
  87  12:07  Drone  
  87  12:08  Drone x4  
  85  12:18  Drone x3  
  83  12:31  Roach x3  
  90  12:37  Drone  
  90  12:42  Drone x2  
  90  12:43  Hydralisk Den  
  91  12:49  Drone x3  
  91  12:50  Drone  
  95  12:51  Roach  
  95  12:52  Roach  
  95  12:58  Drone  
  100  13:01  Lurker Den  
  100  13:11  Roach x2  
  104  13:21  Drone x2  
  104  13:23  Drone x2  
  108  13:27  Hydralisk  
  108  13:29  Hydralisk  
  108  13:33  Drone x2  
  114  13:35  Drone  
  114  13:36  Drone  
  114  13:40  Hydralisk  
  118  14:02  Hydralisk x5  
  120  14:03  Hydralisk x3  
  134  14:16  Hydralisk  
  134  14:17  Hydralisk  
  138  14:28  Roach  
  138  14:29  Roach x3  
  94  14:39  Roach x7  
  94  14:44  Roach x4  
  94  14:45  Roach x2  
  102  14:49  Overlord x3  
  102  14:52  Lurker  
  100  14:53  Lurker  
Show
View Real Time Build Order
Export as new Build Order

Bop Zerg - Winner!

Build Orders: Hatch First, Lurkers 

Get SALT Encoding   

  12  0:01  Drone  
  13  0:08  Drone  
  14  0:17  Overlord  
  14  0:23  Extractor  
  14  0:25  Drone  
  14  0:27  Extractor  
  13  0:30  Drone  
  16  0:37  Drone  
  17  0:55  Hatchery  
  16  1:00  Drone  
  16  1:02  Drone  
  18  1:06  Drone  
  18  1:08  Extractor  
  18  1:22  Spawning Pool  
  18  1:25  Drone  
  18  1:42  Drone x2  
  20  1:51  Drone  
  21  2:00  Drone  
  22  2:08  Queen  
  22  2:09  Zergling x2  
  22  2:10  Metabolic Boost  
  22  2:11  Queen  
  22  2:15  Zergling x2  
  28  2:20  Overlord  
  28  2:39  Drone x3  
  28  2:41  Drone  
  32  2:47  Lair  
  32  2:52  Drone x2  
  32  2:58  Overlord  
  34  3:01  Drone  
  35  3:14  Overlord  
  35  3:15  Queen  
  35  3:17  Drone  
  35  3:18  Drone x3  
  41  3:27  Drone x3  
  41  3:32  Extractor  
  41  3:33  Extractor  
  42  3:42  Drone x6  
  48  3:58  Hydralisk Den  
  47  4:04  Overlord  
  47  4:09  Overseer  
  46  4:10  Hatchery  
  46  4:12  Drone x3  
  48  4:19  Lurker Den  
  48  4:20  Drone x2, Extractor  
  48  4:21  Drone x3  
  48  4:23  Drone  
  53  4:27  Overlord  
  53  4:29  Overlord  
  53  4:44  Hydralisk x3  
  59  4:57  Hydralisk x3  
  65  5:03  Hydralisk x2  
  69  5:10  Evolution Chamber  
  68  5:17  Hydralisk x4  
  76  5:23  Overlord  
  76  5:28  Zergling x2  
  76  5:29  Zergling x6  
  80  5:41  Overlord x2  
  80  5:45  Lurker  
  80  5:46  Lurker x2  
  80  5:48  Zergling x10  
  88  5:53  Lurker  
  89  6:01  Overlord  
  89  6:02  Zergling x10  
  94  6:06  Zerg Melee Weapons Level 1  
  94  6:11  Lurker  
  95  6:15  Overlord  
  92  6:22  Overseer  
  92  6:23  Overseer  
  92  6:24  Overseer  
  88  6:27  Overlord  
  85  6:52  Zergling x2  
  85  6:53  Zergling x18  
  87  7:07  Lurker x3  
  84  7:16  Drone  
  84  7:17  Drone  
  84  7:29  Drone x3  
  84  7:34  Overseer  
  82  7:49  Lurker x3  
  85  7:51  Drone x2  
  87  8:20  Drone x11  
  90  8:32  Overseer  
  90  8:40  Zerg Melee Weapons Level 2  
  90  8:43  Infestation Pit  
  90  8:44  Lurker  
  90  8:45  Zergling x2  
  90  8:46  Zergling x10  
  96  9:05  Hydralisk x4  
  103  9:14  Zergling x2  
  103  9:15  Zergling x14  
  106  9:22  Hydralisk x2  
  107  9:26  Queen  
  107  9:29  Spore Crawler  
  105  9:31  Spore Crawler  
  101  9:45  Hydralisk x4  
  95  9:51  Spore Crawler  
  90  10:00  Hydralisk x3  
  81  10:20  Hydralisk  
  81  10:21  Hydralisk x2  
  76  10:32  Spore Crawler  
  76  10:35  Spore Crawler, Hydralisk x2  
  73  10:37  Drone x4  
  72  10:58  Drone x7  
  76  11:12  Drone x4  
  76  11:14  Extractor  
  77  11:21  Overlord  
  77  11:31  Drone x2  
  76  11:33  Hive  
  76  11:49  Zergling x16  
  84  12:00  Queen  
  84  12:01  Queen  
  88  12:11  Drone  
  88  12:12  Drone x5  
  93  12:41  Extractor  
  93  12:43  Viper x4  
  93  12:44  Viper  
  95  12:46  Zergling x6  
  95  12:47  Zergling x2  
  111  12:57  Drone x3  
  114  12:58  Queen  
  116  13:06  Spore Crawler, Extractor  
  116  13:07  Spore Crawler  
  116  13:10  Lurker x3  
  116  13:12  Zergling x8  
  120  13:24  Zergling x2  
  120  13:25  Spore Crawler, Zergling x6  
  120  13:26  Spore Crawler, Lurker  
  123  13:37  Overlord  
  123  13:40  Ultralisk Cavern  
  119  13:55  Hydralisk x3  
  125  14:05  Hydralisk  
  125  14:06  Hydralisk, Zergling x2  
  130  14:11  Overseer  
  114  14:35  Hydralisk x6  
  118  14:48  Zergling x2  
  118  14:49  Zergling x8  
Tags
 
Add a new tag
Caveats
  • Supply blocks, unpowered buildings, or Contaminate may cause inaccurate times.
  • Supply counts are checked every 10 seconds.